 Dungeon Crawl Stone Soup version 0.21-a0-536-gdbbf329 (webtiles) character file.

1418 mopl the Ducker (level 8, -9/64 HPs)
             Began as a Gnoll Wanderer on Dec 14, 2017.
             Mangled by a hippogriff (11 damage)
             ... on level 5 of the Dungeon.
             The game lasted 00:06:11 (5280 turns).

mopl the Ducker (Gnoll Wanderer)                    Turns: 5280, Time: 00:06:13

Health: -9/64      AC:  5    Str: 17    XL:     8   Next: 71%
Magic:  13/13      EV: 16    Int: 15    God:
Gold:   166        SH:  0    Dex: 14    Spells: 13/13 levels left

rFire    + . .     SeeInvis .   q - +0 dagger (elec)
rCold    . . .     Gourm    .   (no shield)
rNeg     . . .     Faith    .   x - +0 robe {rF+}
rPois    .         Spirit   .   C - +2 helmet
rElec    .         Reflect  .   (no cloak)
rCorr    .         Harm     .   (no gloves)
MR       .....                  (no boots)
Stlth    +++.......             (no amulet)
HPRegen  0.20/turn              L - ring of flight
MPRegen  0.13/turn              (no ring)

@: no status effects
A: distributed training, fangs 1, strong nose
a: Evoke Flight


You were on level 5 of the Dungeon.
You were not hungry.

You visited 1 branch of the dungeon, and saw 5 of its levels.

You collected 166 gold pieces.

Inventory:

Hand Weapons
 a - a +2 quarterstaff
 p - a +1 spear of flaming
 q - a +0 dagger of electrocution (weapon)
 z - a +0 broad axe
 I - a +0 blowgun
 J - a +0 hunting sling
 K - a +4 whip of venom
Missiles
 g - 246 stones (quivered)
 k - 20 arrows
 v - 41 poisoned needles
 E - 3 tomahawks
 H - 29 sling bullets
 N - 23 bolts
 O - a throwing net
Armour
 x - a +0 robe of fire resistance (worn)
 C - a +2 helmet (worn)
Jewellery
 L - a ring of flight (left hand)
Scrolls
 c - 4 scrolls of teleportation
 h - a scroll of amnesia {unknown}
 s - 2 scrolls of fog {unknown}
 t - a scroll of blinking {unknown}
 u - a scroll of remove curse
 y - a scroll of fear {unknown}
 A - 2 scrolls of enchant armour
 B - a scroll of identify {unknown}
 F - a scroll of magic mapping {unknown}
 G - a scroll of immolation {unknown}
Potions
 b - a potion of lignification {!q}
 e - a potion of agility {unknown}
 j - a potion of berserk rage {unknown}
 l - 2 potions of degeneration {unknown}
 m - a potion of invisibility {unknown}
 n - 2 potions of flight {unknown}
 o - 4 potions of curing
 r - 2 potions of brilliance {unknown}
 w - 2 potions of heal wounds {unknown}
 D - 2 potions of mutation {unknown}
Comestibles
 d - a chunk of flesh
 f - 5 bread rations
 i - a royal jelly
 M - 2 meat rations


   Skills:
 + Level 5.8 Fighting
 + Level 3.4 Short Blades
 + Level 3.4 Long Blades
 + Level 3.4 Axes
 + Level 3.4 Maces & Flails
 + Level 3.4 Polearms
 + Level 4.3 Staves
 + Level 3.4 Slings
 + Level 3.4 Bows
 + Level 3.4 Crossbows
 + Level 4.3 Throwing
 + Level 3.4 Armour
 + Level 7.4 Dodging
 + Level 5.5 Stealth
 + Level 3.4 Shields
 + Level 3.4 Unarmed Combat
 + Level 3.4 Spellcasting
 + Level 2.8 Conjurations
 + Level 2.8 Hexes
 + Level 2.8 Charms
 + Level 2.8 Summonings
 + Level 2.8 Necromancy
 + Level 2.8 Translocations
 + Level 2.8 Transmutations
 + Level 2.8 Fire Magic
 + Level 2.8 Ice Magic
 + Level 2.8 Air Magic
 + Level 2.8 Earth Magic
 + Level 2.8 Poison Magic
 + Level 3.8 Invocations
 + Level 4.3 Evocations


You had 13 spell levels left.
You didn't know any spells.

Dungeon Overview and Level Annotations

Branches:
Dungeon (5/15)
 Temple: D:4-7

Altars:
Ashenzari
The Shining One


Innate Abilities, Weirdness & Mutations

Your experience applies equally to all skills.
You have very sharp teeth.
Your uncanny sense of smell can sniff out nearby items.


Message History

You are too injured to fight recklessly!
You are too injured to fight recklessly!
You are too injured to fight recklessly!
You hit the hippogriff.
The hippogriff is severely wounded.
The hippogriff completely misses you. The hippogriff pecks you.
The hippogriff claws you.
* * * LOW HITPOINT WARNING * * *
You hit the hippogriff but do no damage.
The hippogriff is severely wounded.
The hippogriff bites you.
* * * LOW HITPOINT WARNING * * *
The hippogriff pecks you.
* * * LOW HITPOINT WARNING * * *
The hippogriff claws you!
* * * LOW HITPOINT WARNING * * *
You barely miss the hippogriff.
The hippogriff is severely wounded.
The hippogriff bites you!
You die...

#..............)......
..
#######.##############
.. #.####### ...
#.##....#### ..
#........... ##
##+##.####### #
#.....# ##.....######
..........@H..#
####....####### #....#
######


You could see a hippogriff.

Vanquished Creatures
  2 sky beasts
  3 ogres (D:4)
  Blork the orc (D:4)
  4 scorpions
  A howler monkey (D:4)
  A bullfrog zombie (D:5)
  A centaur zombie (D:2)
  3 hounds
  3 orc priests
  A centaur skeleton (D:4)
  Terence (D:2)
  An iguana (D:4)
  2 orc wizards
  2 worker ants (D:4)
  A hound skeleton (D:4)
  Robin (D:3)
  6 gnolls
  5 adders
  A shadow imp (D:5)
  An ooze (D:3)
  An adder zombie (D:5)
  2 worms
  2 adder skeletons (D:4)
  2 dart slugs (D:1)
  2 leopard geckos
  15 orcs
  2 ball pythons (D:3)
  9 bats
  7 giant cockroaches
  15 goblins
  9 hobgoblins
  6 jackals
  7 kobolds
  3 quokkas
  5 frilled lizards
  A quokka skeleton (D:4)
  5 rats
134 creatures vanquished.

Notes
Turn   | Place    | Note
-------+----------+-------------------------------------------
     0 | D:1      | mopl the Gnoll Wanderer began the quest for the Orb.
     0 | D:1      | mopl set off with: a +2 quarterstaff, a potion of lignification {!q}, a scroll of teleportation, a +0 robe, a +0 dagger, a bread ration
     0 | D:1      | Reached XP level 1. HP: 20/20 MP: 2/2
    57 | D:1      | Reached XP level 2. HP: 13/26 MP: 3/3
  1078 | D:2      | Reached XP level 3. HP: 28/31 MP: 4/4
  1090 | D:2      | Reached skill level 1 in Invocations
  1096 | D:2      | Reached skill level 1 in Short Blades
  1096 | D:2      | Reached skill level 1 in Long Blades
  1096 | D:2      | Reached skill level 1 in Axes
  1096 | D:2      | Reached skill level 1 in Maces & Flails
  1096 | D:2      | Reached skill level 1 in Polearms
  1096 | D:2      | Reached skill level 1 in Slings
  1096 | D:2      | Reached skill level 1 in Bows
  1096 | D:2      | Reached skill level 1 in Crossbows
  1096 | D:2      | Reached skill level 1 in Armour
  1096 | D:2      | Reached skill level 1 in Shields
  1096 | D:2      | Reached skill level 1 in Unarmed Combat
  1096 | D:2      | Reached skill level 1 in Spellcasting
  1201 | D:2      | Reached XP level 4. HP: 17/38 MP: 6/6
  1421 | D:2      | HP: 1/38 [centaur zombie (6)]
  1422 | D:2      | Reached skill level 1 in Conjurations
  1422 | D:2      | Reached skill level 1 in Hexes
  1422 | D:2      | Reached skill level 1 in Charms
  1422 | D:2      | Reached skill level 1 in Summonings
  1422 | D:2      | Reached skill level 1 in Necromancy
  1422 | D:2      | Reached skill level 1 in Translocations
  1422 | D:2      | Reached skill level 1 in Transmutations
  1422 | D:2      | Reached skill level 1 in Fire Magic
  1422 | D:2      | Reached skill level 1 in Ice Magic
  1422 | D:2      | Reached skill level 1 in Air Magic
  1422 | D:2      | Reached skill level 1 in Earth Magic
  1422 | D:2      | Reached skill level 1 in Poison Magic
  1762 | D:2      | Noticed Terence
  1787 | D:2      | Killed Terence
  1787 | D:2      | Reached XP level 5. HP: 34/43 MP: 7/7
  1942 | D:2      | Found a glowing golden altar of the Shining One.
  2073 | D:3      | Reached skill level 3 in Staves
  2073 | D:3      | Reached skill level 3 in Throwing
  2073 | D:3      | Reached skill level 3 in Evocations
  2407 | D:3      | Noticed Robin
  2439 | D:3      | Reached XP level 6. HP: 17/50 MP: 8/8
  2459 | D:3      | Killed Robin
  2459 | D:3      | Reached skill level 2 in Invocations
  2730 | D:3      | Found a glowing golden altar of the Shining One.
  3251 | D:4      | Reached skill level 5 in Fighting
  3251 | D:4      | Reached skill level 2 in Short Blades
  3251 | D:4      | Reached skill level 2 in Long Blades
  3251 | D:4      | Reached skill level 2 in Axes
  3251 | D:4      | Reached skill level 2 in Maces & Flails
  3251 | D:4      | Reached skill level 2 in Polearms
  3251 | D:4      | Reached skill level 2 in Slings
  3251 | D:4      | Reached skill level 2 in Bows
  3251 | D:4      | Reached skill level 2 in Crossbows
  3251 | D:4      | Reached skill level 2 in Armour
  3251 | D:4      | Reached skill level 2 in Shields
  3251 | D:4      | Reached skill level 2 in Unarmed Combat
  3251 | D:4      | Reached skill level 2 in Spellcasting
  3321 | D:4      | Reached XP level 7. HP: 56/56 MP: 10/10
  3348 | D:4      | Reached skill level 7 in Dodging
  3431 | D:4      | Reached skill level 2 in Conjurations
  3431 | D:4      | Reached skill level 2 in Hexes
  3431 | D:4      | Reached skill level 2 in Charms
  3431 | D:4      | Reached skill level 2 in Summonings
  3431 | D:4      | Reached skill level 2 in Necromancy
  3431 | D:4      | Reached skill level 2 in Translocations
  3431 | D:4      | Reached skill level 2 in Transmutations
  3431 | D:4      | Reached skill level 2 in Fire Magic
  3431 | D:4      | Reached skill level 2 in Ice Magic
  3431 | D:4      | Reached skill level 2 in Air Magic
  3431 | D:4      | Reached skill level 2 in Earth Magic
  3431 | D:4      | Reached skill level 2 in Poison Magic
  3800 | D:4      | Reached skill level 5 in Stealth
  3820 | D:4      | Reached skill level 3 in Invocations
  3858 | D:4      | Reached XP level 8. HP: 26/63 MP: 12/12
  3864 | D:4      | Found a shattered altar of Ashenzari.
  4240 | D:4      | Noticed Blork the orc
  4249 | D:4      | Killed Blork the orc
  4254 | D:4      | Reached skill level 4 in Staves
  4254 | D:4      | Reached skill level 4 in Throwing
  4254 | D:4      | Reached skill level 4 in Evocations
  4257 | D:4      | Reached skill level 3 in Short Blades
  4257 | D:4      | Reached skill level 3 in Long Blades
  4257 | D:4      | Reached skill level 3 in Axes
  4257 | D:4      | Reached skill level 3 in Maces & Flails
  4257 | D:4      | Reached skill level 3 in Polearms
  4257 | D:4      | Reached skill level 3 in Slings
  4257 | D:4      | Reached skill level 3 in Bows
  4257 | D:4      | Reached skill level 3 in Crossbows
  4257 | D:4      | Reached skill level 3 in Armour
  4257 | D:4      | Reached skill level 3 in Shields
  4257 | D:4      | Reached skill level 3 in Unarmed Combat
  4257 | D:4      | Reached skill level 3 in Spellcasting
  4694 | D:5      | Entered Level 5 of the Dungeon
  5270 | D:5      | Noticed a hippogriff
  5279 | D:5      | HP: 1/64 [hippogriff (7)]
  5280 | D:5      | Mangled by a hippogriff

Vault maps used:
D:1:      dpeg_arrival_rhombi
D:2:      tso_altar, uniq_terence
D:3:      nicolae_overflow_hidden_temple, first_bread, corexii_shack,
          uniq_robin, uniq_grinder
D:4:      evilmike_ruin_ashenzari, uniq_blork_the_orc
D:5:      lemuel_castle_with_subvaults, basic_altar

Skill      XL: |  1  2  3  4  5  6  7  8 |
---------------+-------------------------+-----
Invocations    | 1 2 3 |  3.8
Short Blades   | 1 2 3 |  3.4
Long Blades    | 1 2 3 |  3.4
Axes           | 1 2 3 |  3.4
Maces & Flails | 1 2 3 |  3.4
Polearms       | 1 2 3 |  3.4
Slings         | 1 2 3 |  3.4
Bows           | 1 2 3 |  3.4
Crossbows      | 1 2 3 |  3.4
Armour         | 1 2 3 |  3.4
Shields        | 1 2 3 |  3.4
Unarmed Combat | 1 2 3 |  3.4
Spellcasting   | 1 2 3 |  3.4
Conjurations   | 1 2 |  2.8
Hexes          | 1 2 |  2.8
Charms         | 1 2 |  2.8
Summonings     | 1 2 |  2.8
Necromancy     | 1 2 |  2.8
Translocations | 1 2 |  2.8
Transmutations | 1 2 |  2.8
Fire Magic     | 1 2 |  2.8
Ice Magic      | 1 2 |  2.8
Air Magic      | 1 2 |  2.8
Earth Magic    | 1 2 |  2.8
Poison Magic   | 1 2 |  2.8
Staves         | 3 4 |  4.3
Throwing       | 3 4 |  4.3
Evocations     | 3 4 |  4.3
Fighting       | 5 |  5.8
Dodging        | 7 |  7.4
Stealth        | 5 |  5.5

Action                   |  1- 3 |  4- 6 |  7- 9 || total
-------------------------+-------+-------+-------++-------
Melee: Quarterstaff      |    60 |    20 |       ||    80
       Bite              |     4 |    22 |    35 ||    61
       Spear             |     8 |     4 |       ||    12
       Dagger            |       |   189 |   204 ||   393
       Punch             |       |     1 |     7 ||     8
       Whip              |       |       |    18 ||    18
  Use: Scroll            |       |     4 |       ||     4
       Potion            |       |       |     1 ||     1
 Stab: Sleeping          |     6 |     8 |     3 ||    17
       Distracted        |       |     1 |     1 ||     2
  Eat: Chunk             |       |     8 |     6 ||    14
Armor: Robe              |    13 |    34 |    52 ||    99
Dodge: Dodged            |    50 |   148 |   165 ||   363

Table legend:
 A = Spawn XP
 B = Non-spawn XP
 C = Spawn XP percentage of total XP
 D = Spawn monster count
 E = Non-spawn monster count
 F = Spawn count percentage of total count
 G = Total turns spent on level
                    A         B        C        D         E        F      G
               +---------+---------+-------+---------+---------+-------+---------
         Total |       0 |    2026 |   0.0 |       0 |     134 |   0.0 |  5280
               +---------+---------+-------+---------+---------+-------+---------
           D:1 |       0 |      31 |   0.0 |       0 |      18 |   0.0 |  1052
           D:2 |       0 |     176 |   0.0 |       0 |      23 |   0.0 |   945
           D:3 |       0 |     157 |   0.0 |       0 |      44 |   0.0 |  1226
           D:4 |       0 |    1134 |   0.0 |       0 |      31 |   0.0 |  1471
           D:5 |       0 |     528 |   0.0 |       0 |      18 |   0.0 |   586
               +---------+---------+-------+---------+---------+-------+---------
